 Dungeon Crawl Stone Soup version 0.31.0-9-g3a7656b989 (webtiles) character file.

Game seed: 13333315201618137798

135 qw the Ducker (level 4, -6/22 HPs)
             Began as a Spriggan Hunter on Feb 2, 2024.
             Mangled by a goblin
             ... wielding a +3 dagger of distortion
             ... led by Robin
              (18 damage)
             ... on level 3 of the Dungeon.
             The game lasted 00:00:07 (2469 turns).

qw the Ducker (Spriggan Hunter)                     Turns: 2469, Time: 00:00:08

Health: -6/22      AC:  2    Str:  7    XL:     4   Next: 97%
Magic:  5/5        EV: 20    Int: 10    God:
Gold:   171        SH:  0    Dex: 20    Spells: 3/3 levels left

rFire   . . .        a - +0 shortbow
rCold   . . .        (shield currently unavailable)
rNeg    . . .        c - +0 robe
rPois   .            (helmet restricted)
rElec   .            (no cloak)
rCorr   .            (gloves unavailable)
SInv    +            (boots unavailable)
Will    .....        (no amulet)
Stlth   ++           (no ring)
HPRegen 0.23/turn    (no ring)
MPRegen 0.09/turn

%: no passive effects
@: very quick
A: very small, no large weapons, unfitting armour, see invisible, speed 3
a: no special abilities


You were on level 3 of the Dungeon.
You visited 1 branch of the dungeon, and saw 3 of its levels.

You collected 171 gold pieces.


Innate Abilities, Weirdness & Mutations

You are very small and have problems with some larger weapons.
You are too small for most types of armour.
You have supernaturally acute eyesight. (SInv)
You cover ground extremely quickly. (Speed+++)


   Skills:
 + Level 1.6 Fighting
 - Level 5.1 Ranged Weapons
 - Level 5.3 Dodging
 - Level 1.5 Stealth


You had 3 spell levels left.
You didn't know any spells.
Your spell library was empty.

Inventory:

Hand Weapons
 a - a +0 shortbow (weapon)
Armour
 c - a +0 robe (worn)
Jewellery
 k - a ring of magical power
Scrolls
 e - a scroll of identify
 f - 2 scrolls of enchant armour
 h - a scroll of torment {unknown}
 l - a scroll of blinking {unknown}
 n - a scroll of silence {unknown}
Potions
 b - a potion of attraction {unknown}
 d - a potion of resistance
 g - 2 potions of curing {unknown}
 i - a potion of haste {unknown}
 j - a potion of degeneration {unknown}
 m - a potion of berserk rage {unknown}

Dungeon Overview and Level Annotations

Branches:
Dungeon (3/15)

Altars:

Annotations:
D:3 Robin


Message History

Jessica the Apprentice Sorceress comes into view.
She is wielding a +0 club.
You shoot an arrow. The arrow hits Jessica!
You kill Jessica!
Your Dodging skill increases to level 5!
Things that are here:
a +0 club; a +0 robe; the human corpse of Jessica Robin and 6 goblins come into view.
A goblin is wielding a +3 dagger of distortion.
Found a pink potion.
Robin shouts!
The goblin shouts! x4; You hear a shout! x2
You shoot an arrow. The arrow hits the goblin!
You kill the goblin!
You hear a shout!
Robin throws the goblin at you!
A goblin comes into view. It is wielding a +0 dagger.
A goblin comes into view. It is wielding a +0 club.
The goblin closely misses you.
The goblin shouts!
You shoot an arrow. The arrow completely misses the goblin.
Robin throws the goblin at you! The goblin closely misses you. x2
Robin roars a battlecry!
The goblins go into a battle-frenzy!
The goblin completely misses you. The goblin barely misses you.
A hobgoblin comes into view.
The hobgoblin shouts!
You shoot an arrow. The arrow barely misses the goblin.
The goblin hits you with a +0 club. The goblin misses you.
You shoot an arrow.
The arrow hits the goblin but does no damage.
The goblin completely misses you. The goblin misses you.
You shoot an arrow. The arrow hits the goblin.
You kill the goblin!
Robin throws the goblin at you! The goblin misses you.
The goblin closely misses you.
You shoot an arrow. The arrow hits the goblin!
You kill the goblin!
The goblin hits you with a +3 dagger of distortion.
Space warps horribly around you!!
Ouch! That really hurt!
You die... #### ####### ####gg... ....... #ggggg!..

#######
#@#
......
#.#
......
#.#
#####.
#.# #.
#)# #.
#.#
#.######.
#.#
#.#......
#.#
#......##
##.#
#.#.....#


You could see Robin, a hobgoblin (strong) and 5 goblins.

Vanquished Creatures
  Jessica (D:3)
  Terence (D:2)
  3 adders (D:2)
  2 dart slugs
  An endoplasm (D:3)
  A giant cockroach (D:3)
  7 goblins
  6 hobgoblins
  6 quokkas
  4 ball pythons (D:2)
  8 bats
  4 frilled lizards
  5 kobolds
  5 rats
54 creatures vanquished.

Notes
Turn   | Place    | Note
-------+----------+-------------------------------------------
     0 | D:1      | qw the Spriggan Hunter began the quest for the Orb.
     0 | D:1      | Reached XP level 1. HP: 10/10 MP: 2/2
     0 | D:1      | 0 ||| qw: Version: 0.3-a-155-g5e7d8dd
     0 | D:1      | 0 ||| qw: Game counter: 1536
     0 | D:1      | 0 ||| qw: Melee chars always use a shield: true
     0 | D:1      | 0 ||| qw: God list: Okawaru
     0 | D:1      | 0 ||| qw: Allow faded altars: false
     0 | D:1      | 0 ||| qw: Do Orc after clearing Dungeon:15 true
     0 | D:1      | 0 ||| qw: Do second Lair branch before Depths: true
     0 | D:1      | 0 ||| qw: Lair rune preference: random
     0 | D:1      | 0 ||| qw: Goals: Normal
     0 | D:1      | 0 ||| PLANNING D:1-11
    56 | D:1      | Reached skill level 3 in Dodging
   279 | D:1      | Reached XP level 2. HP: 14/14 MP: 3/3
   921 | D:1      | 921 ||| READING scroll labelled GYIFEFU YBUQIF.
   922 | D:1      | 922 ||| READING 4 scrolls labelled PATIYDDU PULLEVU.
   922 | D:1      | 922 ||| IDENTIFYING murky amethyst potion
   923 | D:1      | 923 ||| READING 3 scrolls of identify.
   923 | D:1      | 923 ||| IDENTIFYING scroll labelled WILLUMA YLOF
   924 | D:1      | 924 ||| READING 2 scrolls of identify.
   924 | D:1      | 924 ||| IDENTIFYING scroll labelled MIKYSO WIUR
   925 | D:1      | 925 ||| DROPPING scroll of butterflies.
   926 | D:1      | 926 ||| DROPPING potion of invisibility.
   927 | D:1      | 927 ||| DROPPING scroll of immolation.
  1007 | D:2      | Reached XP level 3. HP: 8/18 MP: 4/4
  1137 | D:2      | Noticed Terence
  1146 | D:2      | Killed Terence
  1147 | D:2      | Reached XP level 4. HP: 15/22 MP: 5/5
  1827 | D:2      | 1827 ||| READING 3 scrolls of identify.
  1827 | D:2      | 1827 ||| IDENTIFYING fuming white potion
  1828 | D:2      | 1828 ||| READING 2 scrolls of identify.
  1828 | D:2      | 1828 ||| IDENTIFYING fizzy emerald potion
  1829 | D:2      | 1829 ||| READING scroll of identify.
  1829 | D:2      | 1829 ||| IDENTIFYING scroll labelled EFFEIN ODUCKOSK
  1830 | D:2      | 1830 ||| READING scroll labelled WAITSEL YNEOSU.
  1831 | D:2      | 1831 ||| DROPPING scroll of revelation.
  1832 | D:2      | 1832 ||| DROPPING potion of ambrosia.
  1920 | D:3      | Found a faded altar of an unknown god.
  2451 | D:3      | Noticed Jessica
  2452 | D:3      | Killed Jessica
  2463 | D:3      | Noticed Robin
  2469 | D:3      | Mangled by a goblin

Levels and vault maps discovered:
D:1:      lightli_arrival_statue_moat, layout_loops_corners, serial_forest,
          infiniplex_forest_lined_room_2, infiniplex_forest_end_1,
          infiniplex_forest_side_room, infiniplex_forest_clump_small,
          infiniplex_forest_clump_diagonal, infiniplex_forest_straight_2
D:2:      layout_basic, corexii_hall_statues_l, uniq_terence
D:3:      layout_loops_ring, chei_slow_surprise, ebering_ecumenical_altar_rust,
          minmay_starry_boxes, uniq_jessica, uniq_robin

Skill      XL: |  1  2  3  4 |
---------------+-------------+-----
Dodging        | 3 4 5 |  5.3
Ranged Weapons | 5 |  5.1
Fighting       | |  1.6
Stealth        | |  1.5

Action                     |  1- 3 |  4- 6 || total
---------------------------+-------+-------++-------
   Fire: Shortbow          |    85 |    59 ||   144
    Use: Scroll            |     4 |     4 ||     8
 Armour: Robe              |     8 |    10 ||    18
  Dodge: Dodged            |    26 |    26 ||    52

Table legend:
 A = Non-vault XP
 B = Vault XP
 C = Vault XP percentage of total XP
 D = Non-vault monster count
 E = Vault monster count
 F = Vault count percentage of total count
                 A         B        C        D         E       F
            +---------+---------+-------+---------+---------+-------
      Total |     109 |      87 |  44.4 |      44 |      10 |  18.5
            +---------+---------+-------+---------+---------+-------
        D:1 |      32 |       0 |   0.0 |      18 |       0 |   0.0
        D:2 |      63 |      36 |  36.4 |      17 |       1 |   5.6
        D:3 |      14 |      51 |  78.5 |       9 |       9 |  50.0
            +---------+---------+-------+---------+---------+-------
